 Dungeon Crawl Stone Soup version 0.21.0-3-g78d12a8bdd (webtiles) character file.

1144 NullDivider the Slasher (level 8, -1/63 HPs)
             Began as a Gnoll Wanderer on Jan 12, 2018.
             Slain by an orc warrior
             ... wielding a +0 halberd
              (8 damage)
             ... on level 6 of the Dungeon.
             The game lasted 00:24:12 (5944 turns).

NullDivider the Slasher (Gnoll Wanderer)            Turns: 5944, Time: 00:24:18

Health: -1/63      AC: 10    Str: 15    XL:     8   Next: 37%
Magic:  17/17      EV:  7    Int: 13    God:
Gold:   212        SH:  0    Dex: 18    Spells: 19/19 levels left

rFire    + . .     SeeInvis .   B - +2 war axe (elec)
rCold    + . .     Gourm    .   s - +1 buckler {reflect}
rNeg     . . .     Faith    .   p - +0 chain mail {rF+}
rPois    .         Spirit   .   (no helmet)
rElec    .         Reflect  +   (no cloak)
rCorr    .         Harm     .   (no gloves)
MR       .....                  t - +0 pair of boots
Stlth    ..........             (no amulet)
HPRegen  0.20/turn              e - ring of protection from cold
MPRegen  0.15/turn              (no ring)

@: confused, drained
A: distributed training, fangs 1, strong nose
a: no special abilities


You were on level 6 of the Dungeon.
You were very hungry.

You visited 1 branch of the dungeon, and saw 6 of its levels.

You collected 212 gold pieces.

Inventory:

Hand Weapons
 a - a +2 falchion
 v - a +0 short sword of protection
 B - a +2 war axe of electrocution (weapon)
 I - a +0 hand axe of draining
Armour
 j - a +2 buckler
 p - a +0 chain mail of fire resistance (worn)
 s - a +1 buckler of reflection (worn)
 t - a +0 pair of boots (worn)
 J - a +2 leather armour of cold resistance
Jewellery
 e - a ring of protection from cold (left hand)
Wands
 E - a wand of polymorph (15)
Scrolls
 g - 2 scrolls of magic mapping {unknown}
 h - 4 scrolls of fog {unknown}
 i - 2 scrolls of blinking {unknown}
 k - 2 scrolls of teleportation {unknown}
 n - 2 scrolls of enchant weapon {unknown}
 u - a scroll of noise {unknown}
 w - a scroll of enchant armour {unknown}
 y - 5 scrolls of identify {unknown}
 F - a scroll of fear {unknown}
Potions
 c - 4 potions of curing
 l - a potion of brilliance {unknown}
 m - a potion of haste {unknown}
 q - a potion of flight {unknown}
 r - a potion of berserk rage {unknown}
 x - 3 potions of degeneration {unknown}
 z - a potion of resistance {unknown}
 A - 2 potions of heal wounds {unknown}
 C - 3 potions of lignification {unknown}
 D - a potion of agility {unknown}
 G - a potion of might {unknown}
Books
 b - the Collected Works on Summoning

   Spells                             Type                      Level
   a - Summon Butterflies             Summoning                    1
   b - Recall                         Summoning/Translocation      3
Comestibles
 f - 8 rations


   Skills:
 + Level 5.6(5.3) Fighting
 + Level 3.1(2.9) Short Blades
 + Level 7.3(7.0) Long Blades
 + Level 3.1(2.9) Axes
 + Level 3.1(2.9) Maces & Flails
 + Level 3.1(2.9) Polearms
 + Level 3.1(2.9) Staves
 + Level 3.1(2.9) Slings
 + Level 3.1(2.9) Bows
 + Level 3.1(2.9) Crossbows
 + Level 4.1(3.8) Throwing
 + Level 3.1(2.9) Armour
 + Level 3.1(2.9) Dodging
 + Level 3.1(2.9) Stealth
 + Level 3.1(2.9) Shields
 + Level 3.1(2.9) Unarmed Combat
 + Level 6.0(5.7) Spellcasting
 + Level 2.5(2.3) Conjurations
 + Level 2.5(2.3) Hexes
 + Level 2.5(2.3) Charms
 + Level 3.4(3.1) Summonings
 + Level 2.5(2.3) Necromancy
 + Level 2.5(2.3) Translocations
 + Level 2.5(2.3) Transmutations
 + Level 2.5(2.3) Fire Magic
 + Level 2.5(2.3) Ice Magic
 + Level 2.5(2.3) Air Magic
 + Level 2.5(2.3) Earth Magic
 + Level 2.5(2.3) Poison Magic
 + Level 3.5(3.2) Invocations
 + Level 4.1(3.8) Evocations


You had 19 spell levels left.
You didn't know any spells.

Dungeon Overview and Level Annotations

Branches:
Dungeon (6/15)
 Temple: D:4-7

Altars:
Fedhas
Hepliaklqana
Kikubaaqudgha
Makhleb
Nemelex Xobeh
Trog
Vehumet

Annotations:
D:6 Sigmund


Innate Abilities, Weirdness & Mutations

Your experience applies equally to all skills.
You have very sharp teeth.
Your uncanny sense of smell can sniff out nearby items.


Message History

Sigmund mumbles some strange words.
Sigmund flickers and vanishes!
Deactivating autopickup; reactivate with Ctrl-A.
You hit the orc warrior but do no damage.
Your bite misses the orc warrior. You barely miss the orc. You hit the orc.
Lightning courses through the orc!
You kill the orc!
You block the orc warrior's attack. The orc hits you but does no damage.
Something hits you!
The orc warrior hits you with a halberd!
* * * LOW HITPOINT WARNING * * *
There is a stone staircase leading up here.
You block the orc warrior's attack. The orc hits you.
* * * LOW HITPOINT WARNING * * *
You hear some strange, mumbled words.
You are confused.
In your confused state, you trip and fall back down the stairs.
* * * LOW HITPOINT WARNING * * *
The orc warrior hits you from afar with a halberd!
You die...

. $. #..######
#......#
#.....##
#....@.#######
#.....oo......
#....{))......
#.............
#.....#5......
#.....##......
####### ...###
..## ...


You could see an orc warrior, a crimson imp and an orc.

Vanquished Creatures
  The ghost of Zaque the Cudgeler, an amateur DsMo (D:4)
  A phantom (D:4)
  A centaur (D:5)
  A bullfrog (D:4)
  A scorpion (D:5)
  2 crimson imps
  A bullfrog zombie (D:5)
  An orc priest (D:6)
  A centaur skeleton (D:4)
  A hound (D:3)
  An iguana (D:4)
  4 orc wizards
  4 worker ants
  3 adders
  3 gnolls (D:2)
  A shadow imp (D:5)
  An adder skeleton (D:2)
  5 worms
  4 dart slugs
  3 leopard geckos
  27 orcs
  2 ball pythons (D:2)
  17 giant cockroaches
  5 goblins
  12 hobgoblins
  7 jackals
  3 quokkas
  5 bats
  7 frilled lizards
  10 kobolds
  A leopard gecko skeleton (D:4)
  A quokka skeleton (D:6)
  9 rats
146 creatures vanquished.

Vanquished Creatures (others)
  Pikel (D:5)
  4 slaves (D:5)
5 creatures vanquished.

Grand Total: 151 creatures vanquished

Notes
Turn   | Place    | Note
-------+----------+-------------------------------------------
     0 | D:1      | NullDivider the Gnoll Wanderer began the quest for the Orb.
     0 | D:1      | NullDivider set off with: a +2 falchion, the Collected Works on Summoning, a potion of curing, a +0 robe, a ration
     0 | D:1      | Reached XP level 1. HP: 20/20 MP: 6/6
     0 | D:1      | Identified the Collected Works on Summoning
   102 | D:1      | Reached XP level 2. HP: 18/26 MP: 7/7
   459 | D:1      | Reached XP level 3. HP: 31/31 MP: 9/9
   565 | D:1      | Reached skill level 5 in Spellcasting
  1127 | D:2      | Reached skill level 1 in Invocations
  1190 | D:2      | Reached skill level 1 in Short Blades
  1190 | D:2      | Reached skill level 1 in Axes
  1190 | D:2      | Reached skill level 1 in Maces & Flails
  1190 | D:2      | Reached skill level 1 in Polearms
  1190 | D:2      | Reached skill level 1 in Staves
  1190 | D:2      | Reached skill level 1 in Slings
  1190 | D:2      | Reached skill level 1 in Bows
  1190 | D:2      | Reached skill level 1 in Crossbows
  1190 | D:2      | Reached skill level 1 in Armour
  1190 | D:2      | Reached skill level 1 in Dodging
  1190 | D:2      | Reached skill level 1 in Stealth
  1190 | D:2      | Reached skill level 1 in Shields
  1190 | D:2      | Reached skill level 1 in Unarmed Combat
  1190 | D:2      | Reached XP level 4. HP: 35/38 MP: 11/11
  1576 | D:2      | Reached skill level 1 in Conjurations
  1576 | D:2      | Reached skill level 1 in Hexes
  1576 | D:2      | Reached skill level 1 in Charms
  1576 | D:2      | Reached skill level 1 in Necromancy
  1576 | D:2      | Reached skill level 1 in Translocations
  1576 | D:2      | Reached skill level 1 in Transmutations
  1576 | D:2      | Reached skill level 1 in Fire Magic
  1576 | D:2      | Reached skill level 1 in Ice Magic
  1576 | D:2      | Reached skill level 1 in Air Magic
  1576 | D:2      | Reached skill level 1 in Earth Magic
  1576 | D:2      | Reached skill level 1 in Poison Magic
  1997 | D:2      | Reached XP level 5. HP: 42/43 MP: 12/12
  2821 | D:3      | Reached XP level 6. HP: 16/50 MP: 13/13
  3188 | D:3      | Found a bloodstained altar of Trog.
  3192 | D:3      | Found a sparkling altar of Nemelex Xobeh.
  3534 | D:3      | Found a hazy altar of Hepliaklqana.
  3534 | D:3      | Found a blossoming altar of Fedhas.
  3722 | D:3      | Found a burning altar of Makhleb.
  3723 | D:3      | Found a radiant altar of Vehumet.
  3902 | D:4      | Noticed a phantom
  3907 | D:4      | Killed a phantom
  3907 | D:4      | Reached skill level 5 in Fighting
  4107 | D:4      | Reached XP level 7. HP: 46/56 MP: 15/15
  4171 | D:4      | Noticed Zaque's ghost (amateur DsMo)
  4176 | D:4      | Reached skill level 7 in Long Blades
  4181 | D:4      | Killed Zaque's ghost
  4702 | D:5      | Entered Level 5 of the Dungeon
  4708 | D:5      | Killed Pikel
  4806 | D:5      | Reached XP level 8. HP: 57/63 MP: 16/16
  5264 | D:5      | Found an ancient bone altar of Kikubaaqudgha.
  5354 | D:5      | Found a sparkling altar of Nemelex Xobeh.
  5939 | D:6      | Noticed Sigmund
  5944 | D:6      | Slain by an orc warrior

Skill      XL: |  1  2  3  4  5  6  7  8 |
---------------+-------------------------+-----
Summonings     | 2 3 |  3.4
Spellcasting   | 5 6 |  6.0
Invocations    | 1 2 3 |  3.5
Short Blades   | 1 2 3 |  3.1
Axes           | 1 2 3 |  3.1
Maces & Flails | 1 2 3 |  3.1
Polearms       | 1 2 3 |  3.1
Staves         | 1 2 3 |  3.1
Slings         | 1 2 3 |  3.1
Bows           | 1 2 3 |  3.1
Crossbows      | 1 2 3 |  3.1
Armour         | 1 2 3 |  3.1
Dodging        | 1 2 3 |  3.1
Stealth        | 1 2 3 |  3.1
Shields        | 1 2 3 |  3.1
Unarmed Combat | 1 2 3 |  3.1
Conjurations   | 1 2 |  2.5
Hexes          | 1 2 |  2.5
Charms         | 1 2 |  2.5
Necromancy     | 1 2 |  2.5
Translocations | 1 2 |  2.5
Transmutations | 1 2 |  2.5
Fire Magic     | 1 2 |  2.5
Ice Magic      | 1 2 |  2.5
Air Magic      | 1 2 |  2.5
Earth Magic    | 1 2 |  2.5
Poison Magic   | 1 2 |  2.5
Throwing       | 3 4 |  4.1
Evocations     | 3 4 |  4.1
Fighting       | 5 |  5.6
Long Blades    | 7 |  7.3

Action                   |  1- 3 |  4- 6 |  7- 9 || total
-------------------------+-------+-------+-------++-------
Melee: Falchion          |    73 |   212 |       ||   285
       Bite              |     8 |    28 |     5 ||    41
       War axe           |       |    12 |    69 ||    81
  Use: Scroll            |       |     1 |     2 ||     3
 Stab: Sleeping          |     4 |     2 |     2 ||     8
       Distracted        |       |     1 |       ||     1
  Eat: Chunk             |     1 |     9 |     5 ||    15
Armor: Robe              |     5 |    27 |     4 ||    36
       Chain mail        |       |       |    28 ||    28
Dodge: Dodged            |    20 |    79 |    39 ||   138
Block: Buckler           |    13 |    48 |    31 ||    92
       Reflection        |       |       |     3 ||     3
       Rpst.: Falchion   |     6 |    22 |       ||    28
